AoeStats
← BOESERTEDDY

MegaRandom

508489199Analyzed
4v4 RM · 11d ago on Sep 22, 2026· 46m 37s· 8 players
Game mode
Random Map
Map size
Large (8 player)
Population
200
Speed
Normal
Resources
Standard
Victory
Conquest
Starting age
Dark Age
Ending age
Imperial Age
RankedLock teamsTeams togetherTeam positionsShared explorationLock speedFull tech treeHidden civsTurbo modeCheats
Victory
Defeat
🇲🇽 Magyars · Mexico
980
+13
962
+14
🇵🇪 Wu · Peru
940
+15
🇬🇧 Teutons · United Kingdom
917
+16
🇨🇭 Persians · Switzerland
1052
-19
🇵🇱 Italians · Poland
913
-14
🇨🇭 Berbers · Switzerland
877
-13
🇫🇷 Goths · France
848
-12
Rasslord
0:29 Loom
11:09 Feudal Age
19:11 Castle Age
19:41 Wheelbarrow
18:52 Town Watch
19:52 Double-Bit Axe
20:32 Gold Mining
21:16 Horse Collar
21:51 Bow Saw
24:13 Heavy Plow
24:52 Gold Shaft Mining
24:08 Stone Mining
25:08 Scale Barding Armor
26:26 Chain Barding Armor
26:25 Husbandry
25:46 Light Cavalry
26:38 Bloodlines
33:29 Scale Mail Armor
33:30 Padded Archer Armor
33:20 Fletching
34:40 Chain Mail Armor
35:27 Leather Archer Armor
39:09 Imperial Age
38:11 Bodkin Arrow
39:14 Cavalier
40:36 Plate Barding Armor
43:40 Hand Cart
43:25 Town Patrol
ඞ BatiCapibara
7:49 Loom
9:50 Feudal Age
10:11 Man-at-Arms
12:06 Arson
12:22 Double-Bit Axe
18:28 Castle Age
18:46 Wheelbarrow
18:02 Gold Mining
20:55 Husbandry
20:43 Horse Collar
23:09 Town Watch
25:08 Hand Cart
25:53 Heavy Plow
30:42 Gold Shaft Mining
33:31 Imperial Age
31:46 Forging
31:29 Fletching
32:08 Ballistics
31:43 Stone Mining
33:27 Iron Casting
33:50 Stone Shaft Mining
33:28 Bodkin Arrow
34:48 Bracer
35:07 Long Swordsman
36:06 Padded Archer Armor
36:39 Elite Fire Archer
37:25 Two-Handed Swordsman
40:49 Blast Furnace
39:52 Scale Mail Armor
40:43 Champion
41:55 Squires
43:52 Conscription
43:34 Pikeman
44:36 Halberdier
szczuply23
0:36 Loom
12:40 Feudal Age
13:11 Horse Collar
13:31 Double-Bit Axe
16:00 Stone Mining
19:01 Castle Age
22:09 Fletching
25:35 Gold Mining
25:49 Heavy Plow
27:37 Stone Shaft Mining
30:34 Bodkin Arrow
36:46 Imperial Age
36:23 Wheelbarrow
38:13 Crenellations
39:37 Bow Saw
40:38 Crop Rotation
39:57 Town Watch
40:44 Pikeman
41:24 Squires
43:18 Chemistry
43:20 Conscription
43:32 Siege Engineers
43:34 Scale Mail Armor
43:44 Forging
44:44 Halberdier
46:38 Two-Man Saw
45:55 Chain Mail Armor
46:15 Iron Casting
The Official Game of the Movie
5:08 Loom
10:42 Feudal Age
11:19 Double-Bit Axe
11:05 Man-at-Arms
13:22 Arson
15:02 Forging
14:52 Scale Mail Armor
16:46 Scale Mail Armor
22:42 Castle Age
21:03 Gold Mining
21:17 Stone Mining
21:13 Horse Collar
23:42 Long Swordsman
24:53 Squires
33:57 Gambesons
34:35 Gold Mining
37:13 Heavy Plow
39:23 Chain Mail Armor
39:43 Iron Casting
41:00 Town Watch
42:27 Iron Casting
42:35 Fletching
42:45 Padded Archer Armor
46:02 Imperial Age
44:08 Wheelbarrow
43:46 Bodkin Arrow
46:43 Hand Cart
46:28 Town Patrol
46:21 Two-Handed Swordsman
47:37 Plate Mail Armor
46:37 Capped Ram
BOESERTEDDY
10:05 Feudal Age
9:04 Loom
11:39 Double-Bit Axe
16:17 Castle Age
15:53 Horse Collar
16:20 Fletching
17:04 Bodkin Arrow
17:40 Bow Saw
18:37 Heavy Plow
24:13 Wheelbarrow
24:40 Scale Barding Armor
25:28 Forging
26:51 Wheelbarrow
27:50 Iron Casting
27:52 Bloodlines
29:58 Hand Cart
29:56 Husbandry
33:54 Town Watch
37:36 Imperial Age
35:57 Chain Barding Armor
37:39 Ballistics
37:30 Masonry
38:30 Town Patrol
39:40 Plate Barding Armor
40:06 Blast Furnace
38:28 Cavalier
41:44 Savar
44:43 Conscription
46:06 Chemistry
45:38 Architecture
Tumgonfles
12:24 Feudal Age
18:06 Castle Age
18:43 Loom
20:37 Man-at-Arms
21:19 Squires
22:20 Pikeman
31:51 Long Swordsman
42:39 Scale Mail Armor
42:50 Forging
42:33 Fletching
45:07 Chain Mail Armor
45:28 Iron Casting
Kava
11:10 Feudal Age
10:06 Loom
18:26 Fletching
18:44 Gold Mining
18:39 Double-Bit Axe
18:36 Horse Collar
21:47 Castle Age
21:49 Crossbowman
25:48 Bodkin Arrow
27:51 Ballistics
27:48 Heavy Plow
27:55 Town Watch
30:51 Wheelbarrow
30:29 Bow Saw
35:50 Imperial Age
33:27 Stone Mining
35:09 Hand Cart
34:57 Padded Archer Armor
37:08 Bracer
37:14 Thumb Ring
39:29 Two-Man Saw
39:57 Arbalester
40:50 Squires
42:13 Crop Rotation
alex.proietti
0:35 Loom
11:12 Feudal Age
24:43 Castle Age
25:13 Scale Barding Armor
36:42 Bloodlines
36:34 Husbandry
39:50 Horse Collar
43:35 Forging
Connection lost

Rejoining the realm…

Still unreachable

The connection could not be restored.

Session expired

The server has moved on; the page needs a fresh start.